Map: Beckett Industries LE

Players

ByeonGgEo

  • Race: Protoss Protoss
  • League: Diamond

ViBE - Winner!

  • Race: Zerg Zerg
  • League: Master

VOD

Have the link to the VOD?

Description

Time

  • Played on: May 5, 2021, 10:45 p.m.
  • Length: 2:33
Show
View Real Time Build Order
Export as new Build Order

ByeonGgEo Protoss 

Build Orders: Cannon Rush 

Get SALT Encoding   

  12  0:00  Probe  
  13  0:12  Probe  
  14  0:18  Pylon  
  14  0:24  Probe  
  15  0:37  Forge  
  15  0:39  Probe  
  16  0:48  Pylon  
  16  0:51  Probe  
  17  0:58  Pylon  
  17  1:12  Photon Cannon  
  17  1:14  Photon Cannon  
  17  1:21  Probe  
  18  1:36  Pylon x2  
  18  1:42  Pylon  
  18  1:54  Probe  
  19  1:55  Gateway  
  19  1:58  Photon Cannon  
  19  2:01  Photon Cannon  
  19  2:06  Photon Cannon  
Show
View Real Time Build Order
Export as new Build Order

ViBE Zerg - Winner!

Build Orders: Hatch First 

Get SALT Encoding   

  12  0:00  Drone  
  13  0:12  Overlord  
  13  0:18  Drone  
  14  0:30  Drone  
  14  0:32  Drone  
  16  0:37  Drone  
  17  1:01  Drone  
  18  1:08  Hatchery  
  18  1:10  Spawning Pool  
  16  1:15  Drone  
  17  1:19  Drone  
  18  1:38  Drone  
  19  1:57  Zergling x6  
Tags
 
Add a new tag
Caveats
  • Supply blocks, unpowered buildings, or Contaminate may cause inaccurate times.
  • Supply counts are checked every 10 seconds.